 Dungeon Crawl Stone Soup version 0.25.0-37-gb73750e0fb (console) character file.

Game seed: 15089577849449275179

0 Colgate the Caller (level 1, 13/13 HPs)
             Began as a Gnoll Summoner on July 9, 2020.
             Got out of the dungeon alive.
             The game lasted 00:01:23 (81 turns).

Colgate the Caller (Gnoll Summoner)                   Turns: 81, Time: 00:01:23

Health: 13/13      AC:  2    Str: 10    XL:     1   Next: 10%
Magic:  6/6        EV: 14    Int: 17    God:
Gold:   0          SH:  0    Dex: 15    Spells: 8/9 levels left

rFire    . . .     SeeInvis .   (no weapon)
rCold    . . .     Gourm    .   (no shield)
rNeg     . . .     Faith    .   a - +0 robe
rPois    .         Spirit   .   (no helmet)
rElec    .         Reflect  .   (no cloak)
rCorr    .         Harm     .   (no gloves)
MR       .....                  (no boots)
Stlth    +++.......             (no amulet)
HPRegen  0.04/turn              (no ring)
MPRegen  0.10/turn              (no ring)

@: no status effects
A: distributed training, fangs 1, strong nose
a: no special abilities


You escaped.
You were not hungry.

You visited 1 branch of the dungeon, and saw 1 of its levels.

Inventory:

Armour
 a - a +0 robe (worn)
Comestibles
 c - a ration


   Skills:
 + Level 0.0 Fighting
 + Level 0.0 Short Blades
 + Level 0.0 Long Blades
 + Level 0.0 Axes
 + Level 0.0 Maces & Flails
 + Level 0.0 Polearms
 + Level 0.0 Staves
 + Level 0.0 Slings
 + Level 0.0 Bows
 + Level 0.0 Crossbows
 + Level 0.0 Throwing
 + Level 0.0 Armour
 + Level 4.4 Dodging
 + Level 4.0 Stealth
 + Level 0.0 Shields
 + Level 0.0 Unarmed Combat
 + Level 4.8 Spellcasting
 + Level 0.0 Conjurations
 + Level 0.0 Hexes
 + Level 0.0 Charms
 + Level 7.0 Summonings
 + Level 0.0 Necromancy
 + Level 0.0 Translocations
 + Level 0.0 Transmutations
 + Level 0.0 Fire Magic
 + Level 0.0 Ice Magic
 + Level 0.0 Air Magic
 + Level 0.0 Earth Magic
 + Level 0.0 Poison Magic
 + Level 0.0 Invocations
 + Level 0.0 Evocations


You had 8 spell levels left.
You knew the following spells:

 Your Spells              Type           Power        Failure   Level  Hunger
a - Summon Small Mammal   Summ           ####         1%          1    None

Your spell library contained the following spells:

 Spells                   Type           Power        Failure   Level  Hunger
 Call Imp                 Summ           ####....     1%          2    #......
 Call Canine Familiar     Summ           ####....     2%          3    ###....
 Summon Guardian Golem    Hex/Summ       ###.....     11%         3    ###....
 Summon Ice Beast         Ice/Summ       ###.....     34%         4    ####...
 Summon Lightning Spire   Summ/Air       ###.....     34%         4    ####...


Dungeon Overview and Level Annotations

Branches:
Dungeon (1/15)

Altars:


Innate Abilities, Weirdness & Mutations

Your experience applies equally to all skills.
You have very sharp teeth.
Your uncanny sense of smell can sniff out nearby items.


Message History

Found 11 gold pieces.
A goblin comes into view.
It is wielding a +0 dagger of distortion.
Found 8 gold pieces.
A rat comes into view.
The goblin shouts!
Casting: Summon Small Mammal (safe; 1% risk of failure)
Confirm with . or Enter, or press ? or * to list all spells.
You swap places.
Your quokka bites the goblin.
The goblin misses your quokka.
Your quokka bites the goblin.
The goblin dies!
There is an open door here.
The vine stalker shouts!
Your quokka disappears in a puff of smoke!
The rat twitches its whiskers.
The rat twitches its whiskers.
The centaur shouts!
There is an open door here.
There is a staircase leading out of the dungeon here.
Are you sure you want to leave the Dungeon?
This will make you lose the game!
You have escaped!

#####
#.@.#
#...#
###'###
#V#r#d#
###.###
#c#.#i#
###.###
#g#.#p#
###.###
#K#.#9#
###.###


You could see a rat.

Vanquished Creatures (collateral kills)
  A goblin (D:1)
1 creature vanquished.

Notes
Turn   | Place    | Note
-------+----------+-------------------------------------------
     0 | D:1      | Colgate the Gnoll Summoner began the quest for the Orb.
     0 | D:1      | Reached XP level 1. HP: 13/13 MP: 6/6
     2 | D:1      | Noticed a vampire
     2 | D:1      | Noticed a draconian
     4 | D:1      | Noticed a centaur
     4 | D:1      | Noticed a spriggan
     6 | D:1      | Noticed a dwarf
     6 | D:1      | Noticed a demigod
     8 | D:1      | Noticed a gargoyle
    10 | D:1      | Noticed a minotaur
    12 | D:1      | Noticed an elf
    12 | D:1      | Noticed a merfolk
    14 | D:1      | Noticed a demonspawn
    14 | D:1      | Noticed a formicid
    16 | D:1      | Noticed a felid
    18 | D:1      | Noticed an octopode
    18 | D:1      | Noticed a human
    20 | D:1      | Noticed a naga
    20 | D:1      | Noticed a troll
    22 | D:1      | Noticed an ogre
    22 | D:1      | Noticed a vine stalker
    24 | D:1      | Noticed a halfling
    24 | D:1      | Noticed a ghoul
    26 | D:1      | Noticed a tengu
    81 | D:$      | Got out of the dungeon alive.

Illustrated notes

Levels and vault maps discovered:
D:1:      kb_arrival_jail, layout_basic, kennysheep_boxes

Action                   || total
-------------------------++-------
 Cast: Summon Small Mamm ||     1
